Unix NetHack Version 5.0.0-0 post-release - last build May  4 2026 22:22:43 (774f63e81ad911689b3a0859ea89b322d5daca8d,branch:main).

Game began 2026-05-07 03:06:11, ended 2026-05-07 03:18:25.

Brudee, neutral female human Barbarian

                                               --  --           ---
                                               -.---.--        --.--
                                               ........-       |...|
                                               -........--    --...|
                                                .........-    |...--
                                                  ........  ---.|.|
                                                   .......  |...|.-----
                                                    ......  |.--|.....---
                                                      ...   |.-------...|
                                                      -..-  %..---  ---.|
                                                  -- --.)----G...|    |.|
                                                  -.........@....-    |.------
                                        ................-------...-   |..--..--
                                            --------...-       .-..-  |.......|
                                                   -...        .. ..  |......--
                                                   ...          . .-- ---....|
                                                  ----            --    |.<---
                                                                        ----

Brudee the Pillager        St:18/01 Dx:15 Co:18 In:9 Wi:7 Ch:7  Neutral S:723
Dlvl:3  $:19 HP:0(34) Pw:8(8) AC:7  Xp:4/151 T:574 

Latest messages:
 You see here a gnome corpse.
 There is a gnome corpse here; eat it? [ynq] (n) y
 This gnome corpse is stringy.
 You hear crashing rock.
 You finish eating the gnome corpse.
 It's a wall.
 The kobold lord hits!
 You kill the kobold lord!
 Welcome to experience level 4.
 h - a scroll labeled ELAM EBOW.
 You miss the gnome.
 You kill the gnome!
 You miss the gnome lord.
 The gnome lord hits!
 You miss the gnome lord.
 The gnome lord hits!
 You kill the gnome lord!
 The gnome just misses!
 You kill the gnome!
 You kill the dwarf!
 There are several objects here.
 You kill the gnome!
 You kill the gnome!
 You see here a tin.
 The gnome lord throws a dart!
 A dart misses you.
 It's a wall.
 i - a tin.
 You smite the gnome lord!
 The gnome lord just misses!
 You miss the gnome lord.
 The gnome lord hits!
 You kill the gnome lord!
 The gnome shoots 2 crossbow bolts!
 You are hit by the 1st crossbow bolt.
 The gnome misfires!
 You see here a dart.
 The gnome lord swings his aklys.
 The gnome lord hits!
 You miss the gnome lord.
 You smite the gnome lord!
 The gnome shoots 2 crossbow bolts!
 The gnome misfires!
 The 2nd crossbow bolt misses you.
 You miss the gnome lord.
 The gnome lord swings his aklys.
 The gnome lord hits!
 You die...
 Do you want your possessions identified? [ynq] (y) y
 Do you want to see your attributes? [ynq] (y) q

Inventory:
 Coins    ('$')
  $ - 19 gold pieces
 Weapons  (')')
  a - a +0 battle-axe (weapon in hands)
  b - a +0 short sword (alternate weapon; not wielded)
 Armor    ('[')
  f - a cursed +0 orcish helm (being worn)
  e - an uncursed +0 leather armor (being worn)
 Comestibles  ('%')
  d - 2 uncursed food rations
  i - a blessed tin of pureed wererat meat
 Scrolls  ('?')
  h - an uncursed scroll of enchant armor
 Potions  ('!')
  g - an uncursed potion of sleeping

Brudee the Barbarian's attributes:

Background:
 You were a Pillager, a level 4 female human Barbarian.
 You were neutral, on a mission for Crom
 who was opposed by Mitra (lawful) and Set (chaotic).
 You were right-handed.
 You were in the Gnomish Mines, on level 3.
 You entered the dungeon 574 turns ago.
 It was nighttime.
 You had 151 experience points, 9 more were needed to attain level 5.
 Your score was 723 before end-of-game adjustments.

Basics:
 You had 0 out of 34 hit points.
 You had all 8 energy points (spell power).
 Your armor class was 7.
 Your wallet contained 19 zorkmids.
 Autopickup was on for '$"?+!=/' plus thrown.

Final Characteristics:
 Your strength was 18/01 (limit:18/100).
 Your dexterity was 15 (limit:18).
 Your constitution was 18 (limit:18).
 Your intelligence was 9 (limit:18).
 Your wisdom was 7 (limit:18).
 Your charisma was 7 (limit:18).

Final Status:
 You weren't hungry.
 You were unencumbered.
 You were wielding an axe.
 You had basic skill with axe.

Final Attributes:
 You were fervently aligned.
 You were poison resistant.
 You were warded.
 You are dead.

Miscellaneous:
 You didn't encounter any bones levels.
 Total elapsed playing time was 12 minutes and 13 seconds.

Major events:
 Turn
    1: Brudee the neutral female human Barbarian entered the dungeon
  271: attained the rank of Pillager (level 3)
  488: entered the Gnomish Mines
  574: killed by a gnome lord

You didn't know any spells.

Skills:
 Fighting Skills
   bare handed combat [Basic]
   two weapon combat  [Unskilled]
   riding             [Unskilled]
 Weapon Skills
   dagger             [Unskilled]
   axe                [Basic]
   pick-axe           [Unskilled]
   short sword        [Basic]
   broadsword         [Unskilled]
   long sword         [Unskilled]
   two-handed sword   [Unskilled]
   saber              [Unskilled]
   club               [Unskilled]
   mace               [Unskilled]
   morning star       [Unskilled]
   flail              [Unskilled]
   hammer             [Unskilled]
   quarterstaff       [Unskilled]
   spear              [Unskilled]
   trident            [Unskilled]
   bow                [Unskilled]
 Spellcasting Skills
   attack spells      [Unskilled]
   escape spells      [Unskilled]

Voluntary challenges:
 Character rerolling was not enabled.
 You were an atheist.
 You were illiterate.
 You never genocided any monsters.
 You never polymorphed an object.
 You never changed form.
 You used no wishes.
Achievements:
 You attained the rank of Pillager.
 You entered the Gnomish Mines.

 The Dungeons of Doom: levels 1 to 2
    Level 1:
    Level 2:
       Stairs down to The Gnomish Mines.
 The Gnomish Mines:
    Level 3: <- You were here.
       Final resting place for
          you, killed by a gnome lord.
 The Tutorial:
    Level 1:
       A tree.


Vanquished creatures:
  2 gnome leaders
  a dwarf
  a kobold leader
  3 orc zombies
  3 dwarf zombies
  a large kobold
  a red mold
  6 gnomes
  5 gnome zombies
  2 jackals
  a fox
  2 kobolds
  a goblin
  4 grid bugs
  8 kobold zombies
  2 newts
43 creatures vanquished.

No species were genocided or became extinct.

Game over:
                       ----------
                      /          \
                     /    REST    \
                    /      IN      \
                   /     PEACE      \
                  /                  \
                  |      Brudee      |
                  |      19 Au       |
                  |   killed by a    |
                  |    gnome lord    |
                  |                  |
                  |                  |
                  |       2026       |
                 *|     *  *  *      | *
        _________)/\\_//(\/(/\)/\//\/|_)_______

Goodbye Brudee the Barbarian...

You died in The Gnomish Mines on dungeon level 3 with 722 points,
and 19 pieces of gold, after 574 moves.
You were level 4 with a maximum of 34 hit points when you died.

